 Dungeon Crawl Stone Soup version 0.31.0-9-g3a7656b989 (webtiles) character file.

Game seed: 5344713874581382293

94 H0rd4k the Trooper (level 4, 0/37 HPs)
             Began as a Human Artificer on Jan 30, 2024.
             Slain by an orc
             ... wielding a +0 flail
              (7 damage)
             ... on level 2 of the Dungeon.
             The game lasted 00:03:28 (2831 turns).

H0rd4k the Trooper (Human Artificer)                Turns: 2831, Time: 00:03:28

Health: 0/37       AC:  4    Str: 12    XL:     4   Next: 63%
Magic:  4/4        EV: 11    Int: 13    God:
Gold:   89         SH:  0    Dex: 14    Spells: 3/3 levels left

rFire   + . .        m - +1 spear (flame)
rCold   x . .        (no shield)
rNeg    . . .        b - +0 leather armour
rPois   .            g - +0 helmet {SInv}
rElec   .            (no cloak)
rCorr   .            (no gloves)
SInv    +            (no boots)
Will    .....        (no amulet)
Stlth   +            u - ring of fire
HPRegen 0.26/turn    (no ring)
MPRegen 0.09/turn

%: no passive effects
@: no status effects
A: explore regen
a: no special abilities


You were on level 2 of the Dungeon.
You visited 1 branch of the dungeon, and saw 3 of its levels.

You collected 89 gold pieces.

Inventory:

Hand Weapons
 a - a +0 club
 m - a +1 spear of flaming (weapon)
Missiles
 j - 2 throwing nets
 k - 8 poisoned darts
Armour
 b - a +0 leather armour (worn)
 g - a +0 helmet of see invisible (worn)
Jewellery
 u - a ring of fire (left hand)
Wands
 c - a wand of flame (15) (quivered)
 d - a wand of charming (15)
 e - a wand of iceblast (5)
Scrolls
 f - a scroll of amnesia {unknown}
 i - 2 scrolls of noise {unknown}
 l - 2 scrolls of fear {unknown}
 o - 2 scrolls of blinking {unknown}
 p - a scroll of butterflies {unknown}
 r - a scroll of identify {unknown}
 s - 2 scrolls of teleportation {unknown}
 v - 3 scrolls of fog {unknown}
Potions
 h - 2 potions of mutation {unknown}
 n - a potion of invisibility {unknown}
 q - 2 potions of degeneration {unknown}
 t - a potion of haste {unknown}


   Skills:
 + Level 3.7 Fighting
 - Level 1.7 Maces & Flails
 - Level 2.0 Armour
 - Level 1.0 Dodging
 - Level 1.0 Stealth
 - Level 3.0 Evocations


You had 3 spell levels left.
You didn't know any spells.
Your spell library contained the following spells:

 Spells                   Type           Power      Damage    Failure   Level
 Ensorcelled Hibernation  Hex/Ice        0%         N/A       52%         2
 Call Canine Familiar     Summ           0%         N/A       75%         3
 Passwall                 Erth           0%         N/A       75%         3
 Sigil of Binding         Hex            0%         N/A       75%         3
 Swiftness                Air            0%         N/A       75%         3
 Dimensional Bullseye     Hex/Tloc       0%         N/A       98%         4


Dungeon Overview and Level Annotations

Branches:
Dungeon (3/15)

Altars:
Qazlal
Vehumet

Shops:
D:3 =


Innate Abilities, Weirdness & Mutations

You regain HP and MP as you explore.


Message History

You bump into the rock wall.
The orc wizard barely misses you. The orc hits you with a +0 flail.
You miss the orc wizard.
The orc wizard is heavily wounded.
The orc wizard gestures wildly while chanting.
The orc wizard flickers and vanishes for a moment.
The orc hits you but does no damage.
The orc wizard hits you but does no damage.
You bump into the rock wall.
The orc wizard hits you but does no damage.
The orc hits you with a +0 flail.
You miss the orc wizard.
The orc wizard is heavily wounded.
The orc wizard hits you but does no damage.
You closely miss the orc wizard.
The orc wizard is heavily wounded.
The orc wizard barely misses you. The orc hits you with a +0 flail.
The orc hits you but does no damage.
The orc wizard hits you with a +0 dagger.
The orc hits you but does no damage.
You bump into the rock wall.
You feel less confused. The orc hits you but does no damage.
The orc barely misses you. The orc attacks as it pursues you!
The orc hits you with a +0 flail. The orc attacks as it pursues you!
The orc closely misses you. The orc attacks as it pursues you!
The orc barely misses you. The orc attacks as it pursues you!
The orc barely misses you. The orc attacks as it pursues you!
The orc hits you with a +0 flail.
* * * LOW HITPOINT WARNING * * *
There is a stone staircase leading down here.
The orc hits you but does no damage.
There is a stone staircase leading up here.
The orc completely misses you.
You climb upwards.
There is a stone staircase leading down here.
You barely miss the orc. The orc hits you with a +0 flail.
* * * LOW HITPOINT WARNING * * *
You closely miss the orc. The orc hits you with a +0 flail!
You die...

.....# #.##.....##...........
.....# ####.##.....##...........
.....# #....######.#####........
.....# #....#### #.# #.........
.....# #....'..###'####.##......
.....# #....##............รท.....
.....# #....##..................
.....# #....##..................
.....##########.@................
.........# #..o.########......
.........# ###### #......
.........# #...... .........#
####### ########## ##########.. #
#........#.# # #........#.# #
#........#.#


You could see an orc.

Vanquished Creatures
  3 adders
  A dart slug (D:2)
  2 ribbon worms
  3 orcs (D:3)
  3 ball pythons
  4 endoplasms
  A giant cockroach (D:3)
  9 goblins
  5 hobgoblins
  4 jackals (D:2)
  2 quokkas
  6 bats
  2 frilled lizards
  4 kobolds
  5 rats
54 creatures vanquished.

Notes
Turn   | Place    | Note
-------+----------+-------------------------------------------
     0 | D:1      | H0rd4k the Human Artificer began the quest for the Orb.
     0 | D:1      | Reached XP level 1. HP: 15/15 MP: 1/1
   252 | D:1      | Reached XP level 2. HP: 10/22 MP: 2/2
   552 | D:1      | Reached skill level 1 in Maces & Flails
  1196 | D:2      | Reached XP level 3. HP: 18/28 MP: 3/3
  1932 | D:2      | Reached XP level 4. HP: 30/35 MP: 4/4
  2283 | D:3      | Found a faded altar of an unknown god.
  2326 | D:3      | Found Lullieri's Jewellery Emporium.
  2416 | D:3      | Found a radiant altar of Vehumet.
  2751 | D:3      | Found a stormy altar of Qazlal.
  2752 | D:3      | Identified the +0 chain mail of Zin's Righteous Anger
                  | {-Cast Fly rPois rCorr}
  2831 | D:2      | Slain by an orc

Illustrated notes

Levels and vault maps discovered:
D:1:      minmay_arrival_up_and_down, layout_basic, minmay_misc_feat_iff
D:2:      minmay_wonky_spiral, layout_basic
D:3:      layout_rooms, lemuel_crystal_altar,
          mainiacjoe_overflow_catch_the_wave, ebering_ecumenical_altar_rust,
          serial_shops, shop

Skill      XL: |  1  2  3 |
---------------+----------+-----
Fighting       | 2 3 |  3.7
Maces & Flails | 1 |  1.7
Armour         | |  2.0
Dodging        | |  1.0
Stealth        | |  1.0
Evocations     | |  3.0

Action                     |  1- 3 |  4- 6 || total
---------------------------+-------+-------++-------
  Melee: Club              |   105 |       ||   105
         Spear             |    61 |    94 ||   155
         Punch             |     1 |     1 ||     2
   Stab: Sleeping          |     2 |     1 ||     3
 Armour: Leather armour    |   114 |    70 ||   184
  Dodge: Dodged            |   108 |    60 ||   168
